 Dungeon Crawl Stone Soup version 0.29.1-15-g9cfb28693d (webtiles) character file.

Game seed: 5935187038162777683

15087 rakiston the Spry (level 12, -7/133 HPs)
             Began as a Merfolk Ice Elementalist on Feb 19, 2023.
             Was an Elder of Vehumet.
             Mangled by a freezing wraith (17 damage)
             ... on level 12 of the Dungeon on Feb 22, 2023.
             The game lasted 02:06:39 (17788 turns).

rakiston the Spry (Merfolk Ice Elementalist)       Turns: 17788, Time: 02:06:41

Health: -7/133     AC: 26    Str: 14    XL:     12   Next: 23%
Magic:  14/15      EV:  2    Int: 19    God:    Vehumet [****..]
Gold:   354        SH:  0    Dex: 21    Spells: 2/15 levels left

rFire   . . .      SeeInvis .   b - +0 spear (venom)
rCold   . . .      Faith    .   (no shield)
rNeg    . . .      Spirit   .   (body armour currently unavailable)
rPois   +          Reflect  .   (helmet currently unavailable)
rElec   .          Harm     .   (cloak currently unavailable)
rCorr   .          Rampage  .   (gloves currently unavailable)
Will    .....      NoTele   +   (boots currently unavailable)
Stlth   ++........              (no amulet)
HPRegen 0.32/turn               i - +6 ring of strength
MPRegen 0.14/turn               p - +6 ring of dexterity

@: tree-form, freezing walls, hasted and slowed
A: stationary, stasis, torment immunity, boosted hp, (nimble swimmer 2),
(mertail)
a: Renounce Religion


You were on level 12 of the Dungeon.
You worshipped Vehumet.
Vehumet was greatly pleased with you.
You were a tree.
You visited 2 branches of the dungeon, and saw 13 of its levels.
You also visited: Bailey.

You collected 731 gold pieces.
You spent 377 gold pieces at shops.

Inventory:

Hand Weapons
 b - a +0 spear of venom (weapon)
Missiles
 f - 4 atropa-tipped darts (quivered)
 w - 2 throwing nets
 E - 57 poisoned darts
 I - 7 curare-tipped darts
Armour
 a - a +0 robe
 c - a +0 cloak (melded)
 n - the +2 cloak of the Thief {*Fog Slay-2 SInv Stlth+}
   (You found it in a bailey)

   It may release a thick cloud of smoke when the wearer is hurt.
   Slay:      It affects your accuracy & damage with ranged weapons and melee
   (-2).
   SInv:      It lets you see invisible.
   Stlth:     It makes you more stealthy.
 u - a +2 pair of boots (melded)
 F - a +1 pair of gloves (melded)
 K - a +0 helmet (melded)
 L - a +1 robe of cold resistance
 O - +0 acid dragon scales (melded)
Magical Staves
 q - a staff of air
Jewellery
 i - a +6 ring of strength (left branch)
 k - a ring of flight
 p - a +6 ring of dexterity (right branch)
 r - a ring of resist corrosion
 y - a ring of protection from fire
Wands
 m - a wand of charming (11)
 P - a wand of flame (3)
Scrolls
 e - 5 scrolls of immolation
 g - 4 scrolls of magic mapping
 s - 2 scrolls of vulnerability
 t - 3 scrolls of poison
 v - 3 scrolls of brand weapon
 x - a scroll of amnesia
 z - a scroll of enchant weapon {unknown}
 C - a scroll of summoning
 D - a scroll of enchant armour
 G - 2 scrolls of torment
 H - a scroll of silence
 J - a scroll of noise
 M - a scroll of identify
Potions
 d - a potion of mutation
 h - a potion of cancellation
 j - a potion of flight
 l - a potion of attraction
 o - a potion of brilliance
 A - a potion of degeneration
 B - 2 potions of lignification


   Skills:
 + Level 6.3 Fighting
 - Level 10.2 Polearms
 - Level 0.4 Throwing
 + Level 16.4 Dodging
 - Level 2.1 Stealth
 - Level 2.0 Spellcasting
 - Level 4.6 Conjurations
 - Level 3.8 Translocations
 - Level 10.1 Ice Magic


You had 2 spell levels left.
You knew the following spells:

 Your Spells              Type           Power      Damage    Failure   Level
a - Freeze                Ice            100%       1d11      1%          1
b - Frozen Ramparts       Ice            80%        1d13      1%          3
c - Hailstorm             Conj/Ice       29%        3d8       2%          4
d - Blink                 Tloc           32%        N/A       5%          2
e - Ozocubu's Armour      Ice            40%        N/A       1%          3

Your spell library contained the following spells:

 Spells                   Type           Power      Damage    Failure   Level
 Airstrike                Air            0%         2d(1-17)  38%         4
 Magic Dart               Conj           76%        1d6       1%          1
 Ensorcelled Hibernation  Hex/Ice        42%        N/A       3%          2
 Call Imp                 Summ           1%         N/A       26%         2
 Mephitic Cloud           Conj/Pois/Air  7%         N/A       7%          3
 Lesser Beckoning         Tloc           16%        N/A       11%         3
 Spider Form              Tmut/Pois      1%         N/A       45%         3
 Manifold Assault         Tloc           16%        N/A       67%         5
 Anguish                  Hex/Necr       0%         N/A       86%         4
 Summon Lightning Spire   Summ/Air       1%         N/A       86%         4
 Enfeeble                 Hex            0%         N/A       100%        7
 Storm Form               Tmut/Air       0%         N/A       100%        7
 Maxwell's Capacitive Co  Air            0%         ∞         100%        8


Dungeon Overview and Level Annotations

Branches:
Dungeon (12/15)            Temple (1/1) D:5             Orc (0/2) D:9
 Bailey (visited)
   Lair: D:8-11

Altars:
Ashenzari
Cheibriados
Dithmenos
Elyvilon
Fedhas
Gozag
Hepliaklqana
Kikubaaqudgha
Makhleb
Nemelex Xobeh
Okawaru
Qazlal
Ru
Sif Muna
Trog
Uskayaw
Vehumet
Wu Jian
Xom
Yredelemnul
Zin
The Shining One

Shops:
D:6 *   D:7 ([   D:9 ?

Annotations:
D:6 1 runed translucent door, THTSBRD's ghost, amateur FoFi
D:8 Gastronok


Innate Abilities, Weirdness & Mutations

You are a tree.
Your roots penetrate the ground, keeping you stationary.
You cannot be teleported.
You are immune to unholy pain and torment.
Your maximum health is greatly increased.
Your equipment is partially melded.
((You are very nimble when in or above water. (Stealth+, EV+, Speed+++)))
((Your lower body shifts to a powerful aquatic tail in water.))


Message History

The freezing wraith misses you.
The wall freezes the war gargoyle but does no damage.
You hit the freezing wraith but do no damage.
The wall freezes the freezing wraith but does no damage.
The freezing wraith misses you.
The freezing wraith completely misses you.
The wall freezes the war gargoyle but does no damage.
You feel better.
The wall freezes the war gargoyle but does no damage.
The freezing wraith completely resists.
The wall freezes the freezing wraith but does no damage.
The freezing wraith closely misses you. The freezing wraith hits you!
The freezing wraith drains your vigour!
You feel yourself slow down.
You feel yourself speed up.
The war gargoyle resists.
The wall freezes the war gargoyle.
The wall freezes the war gargoyle but does no damage.
The wall freezes the freezing wraith but does no damage.
The freezing wraith misses you.
The freezing wraith completely misses you.
As you read the scroll of teleportation, it crumbles to dust.
You feel strangely unstable.
The wall freezes the war gargoyle but does no damage.
The wall freezes the freezing wraith but does no damage.
The freezing wraith hits you! The freezing wraith freezes you!!
* * * LOW HITPOINT WARNING * * *
The freezing wraith misses you.
Really quaff the potion of lignification?
You turn into a tree.
Your +0 cloak melds into your body.
Your +0 helmet melds into your body.
Your +1 pair of gloves melds into your body.
Your +2 pair of boots melds into your body.
Your +0 acid dragon scales melds into your body.
Your roots penetrate the ground.
You feel strangely stable.
The war gargoyle resists.
The wall freezes the war gargoyle.
The freezing wraith completely resists.
The wall freezes the freezing wraith but does no damage.
The freezing wraith hits you.
* * * LOW HITPOINT WARNING * * *
The freezing wraith freezes you!
You die...

..... ..#.#.#
..... #.#.#.#
......#.#.#.#
......#.#.#.#
..........#.#
......#.#.#.#
..... #.#)#.#
...# #.#..>####
. ..
#.#...♣..###
...
#....#W#...##
...
##..###9###..##
.... #..## ...
##..#
.....###.## ...
##.###
.........#
.###. #...#
##+####.## # #
##..# #. #.#
#..# #. #.##
##..#


You could see a war gargoyle and a freezing wraith.

Vanquished Creatures
  A hydra (D:11)
  4 two-headed ogres (D:11)
  A deep elf pyromancer (D:12)
  An ugly thing (D:12)
  A manticore (D:11)
  A black mamba (shapeshifter) (D:11)
  A cyclops (D:10)
  A kobold demonologist (D:10)
  A komodo dragon (D:9)
  2 trolls
  A meliai (D:12)
  A hornet (D:7)
  A hornet (shapeshifter) (D:12)
  A culicivora (shapeshifter) (D:12)
  A wraith (D:9)
  A vampire (D:10)
  A wyvern (D:8)
  6 yaks
  A basilisk (D:12)
  2 vampire mosquitoes (D:11)
  2 steam dragons
  2 acid dragons
  A water moccasin (D:8)
  13 orc warriors
  A sky beast (D:6)
  2 ice beasts (D:8)
  3 ogres
  A centaur (D:12)
  2 phantoms
  19 kobold brigands
  3 bullfrogs
  5 scorpions
  A necrophage (D:5)
  8 wights
  24 killer bees
  2 howler monkeys
  4 hounds
  2 jellies
  2 gnoll boudas
  5 orc priests
  4 iguanas
  9 orc wizards
  7 gnolls
  7 adders
  3 shadow imps
  2 ufetubi
  A worm (D:2)
  3 dart slugs
  33 orcs
  8 endoplasms
  4 giant cockroaches
  9 hobgoblins
  5 jackals
  5 quokkas
  9 ball pythons
  9 bats
  A frilled lizard (D:2)
  11 goblins
  22 kobolds
284 creatures vanquished.

Notes
Turn   | Place    | Note
-------+----------+-------------------------------------------
     0 | D:1      | rakiston the Merfolk Ice Elementalist began the quest for
                  | the Orb.
     0 | D:1      | Reached XP level 1. HP: 13/13 MP: 3/3
   343 | D:1      | Reached XP level 2. HP: 19/19 MP: 3/5
   439 | D:1      | Found a faded altar of an unknown god.
   444 | D:1      | Reached skill level 5 in Ice Magic
   910 | D:1      | Reached XP level 3. HP: 24/24 MP: 4/6
  1196 | D:1      | Learned a level 3 spell: Frozen Ramparts
  1198 | D:2      | Found a stormy altar of Qazlal.
  1733 | D:2      | Reached XP level 4. HP: 30/30 MP: 3/7
  2508 | D:3      | Reached XP level 5. HP: 25/36 MP: 3/8
  2823 | D:3      | Found a glowing golden altar of the Shining One.
  2900 | D:3      | Found a shimmering blue altar of Sif Muna.
  3427 | D:4      | Noticed a phantom
  3441 | D:5      | Entered Level 5 of the Dungeon
  3584 | D:5      | Reached XP level 6. HP: 42/42 MP: 0/9
  3938 | D:5      | Found a staircase to the Ecumenical Temple.
  3943 | Temple   | Entered the Ecumenical Temple
  3971 | Temple   | Became a worshipper of Vehumet
  4121 | D:5      | Reached XP level 7. HP: 38/47 MP: 2/10
  4909 | D:4      | Upgraded the game from 0.29.1-14-g9c671dbff4 to
                  | 0.29.1-15-g9cfb28693d
  5021 | D:5      | Found a basalt altar of Yredelemnul.
  5034 | D:5      | Found a broken altar of Ashenzari.
  5040 | D:5      | Found a glowing silver altar of Zin.
  5758 | D:5      | Reached skill level 1 in Polearms
  5956 | D:5      | Reached skill level 10 in Ice Magic
  5961 | D:5      | Learned a level 4 spell: Hailstorm
  6063 | D:5      | Reached skill level 1 in Conjurations
  6063 | D:5      | Reached XP level 8. HP: 16/53 MP: 11/11
  7089 | D:6      | Found a runed translucent door.
  7089 | D:6      | Noticed THTSBRD's ghost (amateur FoFi)
  7237 | D:6      | Reached * piety under Vehumet
  7237 | D:6      | Offered knowledge of Foxfire by Vehumet.
  7238 | D:6      | Reached skill level 5 in Polearms
  7293 | D:6      | Found Uvvuw's Assorted Antiques.
  7873 | D:7      | Found Riso's Antique Armour Boutique.
  7933 | D:7      | Reached XP level 9. HP: 58/58 MP: 0/12
  8431 | D:7      | Reached skill level 3 in Dodging
  8614 | D:6      | Bought 2 scrolls of identify for 108 gold pieces
  8630 | D:7      | Noticed a hornet
  8649 | D:7      | Found a sparkling altar of Nemelex Xobeh.
  8668 | D:7      | Killed a hornet
  8751 | D:7      | Found Fist's Antique Weapon Shoppe.
  8829 | D:7      | Found Adopoq's Assorted Antiques.
  9509 | D:8      | Reached skill level 10 in Polearms
  9514 | D:8      | Reached skill level 4 in Dodging
  9516 | D:8      | Reached skill level 5 in Dodging
  9521 | D:8      | Reached skill level 6 in Dodging
  9524 | D:8      | Learned a level 2 spell: Blink
  9616 | D:8      | Reached XP level 10. HP: 64/64 MP: 11/13
  9617 | D:8      | Reached ** piety under Vehumet
  9672 | D:8      | Reached skill level 1 in Translocations
  9677 | D:8      | Offered knowledge of Sandblast by Vehumet.
  9713 | D:8      | Noticed Gastronok
  9825 | D:8      | Found a flagged portal.
  9929 | Bailey   | Entered a bailey
 10165 | Bailey   | Reached skill level 7 in Dodging
 10720 | Bailey   | Found the +2 cloak of the Thief {*Fog Slay-2 SInv Stlth+}
 10816 | D:8      | Learned a level 3 spell: Ozocubu's Armour
 10920 | D:8      | Reached skill level 1 in Fighting
 10944 | D:8      | Reached skill level 8 in Dodging
 11323 | D:8      | Offered knowledge of Stone Arrow by Vehumet.
 11423 | D:9      | Found a staircase to the Orcish Mines.
 11861 | D:9      | Reached skill level 9 in Dodging
 11942 | D:9      | Reached *** piety under Vehumet
 12129 | D:9      | Reached skill level 10 in Dodging
 12508 | D:9      | Found Beokinn's Magic Scroll Emporium.
 12534 | D:9      | Bought a scroll of summoning for 142 gold pieces
 12534 | D:9      | Bought a scroll of enchant armour for 112 gold pieces
 12534 | D:9      | Bought a scroll of noise for 15 gold pieces
 13007 | D:9      | Reached skill level 11 in Dodging
 13280 | D:9      | Reached XP level 11. HP: 66/75 MP: 10/14
 13308 | D:9      | Noticed a two-headed ogre
 13343 | D:9      | Found a hazy altar of Hepliaklqana.
 13591 | D:10     | Entered Level 10 of the Dungeon
 13605 | D:10     | Noticed a cyclops
 14012 | D:10     | Found a white marble altar of Elyvilon.
 14108 | D:10     | Reached skill level 12 in Dodging
 14323 | D:10     | Offered knowledge of Inner Flame by Vehumet.
 14391 | D:10     | Reached skill level 13 in Dodging
 14808 | D:10     | Found an opulent altar of Gozag.
 15032 | D:10     | Killed a cyclops
 15744 | D:11     | Noticed a manticore
 16066 | D:11     | Noticed a two-headed ogre
 16113 | D:11     | Noticed a two-headed ogre
 16313 | D:11     | Found a shadowy altar of Dithmenos.
 16337 | D:11     | Noticed an eight-headed hydra
 16462 | D:11     | Killed a two-headed ogre
 16463 | D:11     | Reached skill level 14 in Dodging
 16662 | D:11     | Noticed a two-headed ogre
 16677 | D:11     | Killed a two-headed ogre
 16678 | D:11     | Reached skill level 5 in Fighting
 16784 | D:11     | Killed a two-headed ogre
 16832 | D:11     | Killed an eight-headed hydra
 16833 | D:11     | Reached skill level 15 in Dodging
 17170 | D:11     | Noticed a two-headed ogre
 17189 | D:11     | Killed a two-headed ogre
 17202 | D:11     | Reached **** piety under Vehumet
 17211 | D:11     | Reached XP level 12. HP: 77/87 MP: 13/15
 17764 | D:12     | Reached skill level 16 in Dodging
 17765 | D:12     | Noticed a war gargoyle
 17779 | D:12     | Offered knowledge of Airstrike by Vehumet.
 17788 | D:12     | Mangled by a freezing wraith

Illustrated notes

Levels and vault maps discovered:
D:1:      saegor_arrival_under_anarchy, layout_loops_ring,
          chequers_ecumenical_altar_simple
D:2:      layout_rooms, basic_altar, grunt_decor_clamped, minmay_box_of_dots
D:3:      layout_loops_ring, mainiacjoe_overflow_boulevard,
          lemuel_coloured_pillars_altar
D:4:      layout_basic, serial_glass, glass_columns_b, glass_columns_a,
          glass_columns_b, glass_columns_c, glass_columns_a, glass_columns_c,
          glass_columns_b, glass_columns_a
D:5:      layout_cave_pools, minmay_overflow_temple_star_quad,
          minmay_temple_entry_arrows
D:6:      layout_basic, serial_shops, nicolae_take_the_stairs,
          gammafunk_ghost_grave
D:7:      layout_gridville, mainiacjoe_overflow_tiny_flanked, serial_shops,
          kennysheep_mini, nicolae_shop_trees, nicolae_square_shop,
          minmay_strange_pillars
D:8:      layout_loops_ring, enter_bailey_8, uniq_gastronok
D:9:      layout_small_grid, worldfamousw_hep_ancestral_shrine,
          erik_lair_dragon, david_orc_2, serial_shops, shop_coins,
          grunt_ministairs_13, st_stairs_14
D:10:     layout_layer_cave, elyvilon_altar_3, grunt_gozag_breadcrumbs,
          special_room [special_room_kobold], minmay_misc_feat_secret_circle
D:11:     layout_grid_maze, grunt_dithmenos_smoke
D:12:     layout_basic, minmay_checkered_concentric_circles
Temple:   hellmonk_temple_forest_ring

Skill      XL: |  1  2  3  4  5  6  7  8  9 10 11 12 |
---------------+-------------------------------------+-----
Ice Magic      | 5 6 7 8 10 | 10.1
Polearms       | 2 6 10 | 10.2
Conjurations   | 1 4 |  4.6
Dodging        | 6 11 15 16 | 16.4
Translocations | 3 |  3.8
Fighting       | 3 5 6 |  6.3
Throwing       | |  0.4
Stealth        | |  2.1
Spellcasting   | |  2.0

Action                   |  1- 3 |  4- 6 |  7- 9 | 10-12 || total
-------------------------+-------+-------+-------+-------++-------
Melee: Spear             |       |       |   153 |   447 ||   600
       Punch             |       |       |       |     6 ||     6
Throw: Dart              |       |     8 |     6 |    17 ||    31
 Cast: Freeze            |    54 |    54 |    93 |    68 ||   269
       Frozen Ramparts   |     6 |    13 |    22 |    69 ||   110
       Hailstorm         |       |       |     4 |     4 ||     8
  Use: Scroll            |     1 |    12 |     6 |     5 ||    24
       Potion            |       |     4 |     6 |     9 ||    19
 Stab: Invisible         |       |       |       |     1 ||     1
       Sleeping          |       |       |       |     1 ||     1
Armor: Robe              |    13 |     8 |    36 |    17 ||    74
       Acid dragon scale |       |       |       |    28 ||    28
Dodge: Dodged            |    13 |    45 |   101 |   357 ||   516
